 Dungeon Crawl Stone Soup version 0.18.1-48-g4cf74bf (webtiles) character file.

140 Heedrag the Conjurer (level 5, 0/28 HPs)
             Began as a Deep Elf Conjurer on Aug 4, 2016.
             Slain by a scorpion (3 damage)
             ... on level 3 of the Dungeon.
             The game lasted 00:04:17 (1918 turns).

Heedrag the Conjurer (Deep Elf Conjurer)            Turns: 1918, Time: 00:04:18

Health: 0/28       AC:  3    Str:  6    XL:     5   Next: 2%
Magic:  4/13       EV: 13    Int: 20    God:
Gold:   91         SH:  0    Dex: 15    Spells: 3 memorised, 4 levels left

rFire  . . .     SeeInvis .     n - +2 dagger (holy)
rCold  . . .     Gourm    .     a - +0 robe
rNeg   . . .     Faith    .     (no shield)
rPois  .         Spirit   .     (no helmet)
rElec  .         Dismiss  .     (no cloak)
rCorr  .         Reflect  .     j - +0 pair of gloves
SustAt .         Harm     .     (no boots)
MR     .....                    (no amulet)
Stlth  +.........               (no ring)
                                g - ring of loudness (curse)

@: lethally poisoned (0 -> -12), not resistant to hostile enchantments, very
unstealthy
A: no striking features
a: no special abilities


You were on level 3 of the Dungeon.
You were not hungry.

You visited 1 branch of the dungeon, and saw 3 of its levels.

You collected 91 gold pieces.

Inventory:

Hand Weapons
 e - a +0 dagger
 n - a +2 dagger of holy wrath (weapon)
Armour
 a - a +0 robe (worn)
 j - a +0 pair of gloves (worn)
Jewellery
 g - a cursed ring of loudness (left hand)
Scrolls
 d - 3 scrolls of fog {unknown}
 f - 2 scrolls of immolation {unknown}
 i - 3 scrolls of teleportation {unknown}
 m - a scroll of noise {unknown}
Potions
 k - a potion of haste {unknown}
 l - a potion of resistance {unknown}
 o - a potion of might {unknown}
 p - a potion of lignification {unknown}
 r - 2 potions of berserk rage {unknown}
 s - a potion of brilliance {unknown}
Books
 b - a book of Conjurations

   Spells                             Type                      Level
   a - Magic Dart                     Conjuration                  1
   b - Searing Ray                    Conjuration                  2
   c - Dazzling Spray                 Conjuration/Hexes            3
   d - Fulminant Prism                Conjuration/Hexes            4
   e - Iskenderun's Mystic Blast      Conjuration                  4
   f - Iskenderun's Battlesphere      Conjuration/Charms           5
Comestibles
 c - 2 bread rations
 h - 2 slices of pizza
 q - a chunk of flesh


   Skills:
 - Level 2.4 Dodging
 - Level 2.4 Stealth
 + Level 4.4 Spellcasting
 * Level 6.3 Conjurations


You had 4 spell levels left.
You knew the following spells:

 Your Spells              Type           Power        Failure   Level  Hunger
a - Magic Dart            Conj           ####         1%          1    None
b - Dazzling Spray        Conj/Hex       ###...       12%         3    ###....
c - Iskenderun's Mystic   Conj           ####....     12%         4    ####...


Dungeon Overview and Level Annotations

Branches:
Dungeon (3/15)

Altars:
The Shining One


Message History

Confirm wit' . or Enter, or press ? or * ta list all spells.
Aimin': Magic Dart
Press: ? - help, Shift-Dir - straight line, f/p - scorpion
Aim: a scorpion (moderately wounded) Tha magic dart hits tha scorpion.
Tha scorpion be heavily wounded.
Tha scorpion stin's ye.
* * * LOW HITPOINT WARNIN'
* * * Ye be leth'lly poison'd!
Tha scorpion poisons ye!
Castin': Magic Dart Confirm wit' . or Enter, or press ? or * ta list all spells.
Aimin': Magic Dart
Press: ? - help, Shift-Dir - straight line, f/p - scorpion
Aim: a scorpion (heavily wounded) Tha magic dart hits tha scorpion.
Tha scorpion be severely wounded.
* * * LOW HITPOINT WARNIN'
* * * Ye feel sick.
Tha scorpion stin's ye.
Ye die...

##...###....#
####........#
# #####....#
#....####
#.......###
#....##...#
#########.#
#.# #@# #s#
#.#
#........#
#......$.#
...........#
###........#
#........#
#........#


You could see a scorpion.

Vanquished Creatures
  9 adders
  A worm (D:2)
  4 dart slugs
  2 giant geckos (D:1)
  5 bats
  2 giant cockroaches
  8 goblins
  5 hobgoblins
  2 jackals (D:1)
  A quokka (D:2)
  2 ball pythons
  2 giant newts (D:1)
  2 kobolds (D:2)
  5 rats (D:1)
50 creatures vanquished.

Notes
Turn   | Place    | Note
--------------------------------------------------------------
     0 | D:1      | Heedrag the Deep Elf Conjurer began the quest for the Orb.
     0 | D:1      | Reached XP level 1. HP: 10/10 MP: 6/6
   166 | D:1      | Reached XP level 2. HP: 15/15 MP: 6/8
   308 | D:1      | Reached skill level 5 in Conjurations
   622 | D:1      | Reached XP level 3. HP: 19/19 MP: 7/10
   627 | D:1      | Learned a level 3 spell: Dazzling Spray
  1064 | D:2      | Reached XP level 4. HP: 18/24 MP: 8/12
  1081 | D:2      | Learned a level 4 spell: Iskenderun's Mystic Blast
  1372 | D:2      | Reached skill level 6 in Conjurations
  1437 | D:2      | Found a glowing golden altar of the Shining One.
  1912 | D:3      | Reached XP level 5. HP: 23/28 MP: 9/13
  1918 | D:3      | Slain by a scorpion

Skill      XL: |  1  2  3  4 |
---------------+-------------+-----
Conjurations   | 5 6 |  6.3
Spellcasting   | 4 |  4.4
Dodging        | |  2.4
Stealth        | |  2.4

Action                   |  1- 3 |  4- 6 || total
-------------------------+-------+-------++-------
Melee: Dagger            |     5 |       ||     5
 Cast: Magic Dart        |    54 |    58 ||   112
  Eat: Chunk             |       |     3 ||     3
Dodge: Dodged            |    11 |    10 ||    21
